 Dungeon Crawl Stone Soup version 0.30.1-1-g62c8e00024 (webtiles) character file.

Game seed: 4194962464620700520

11722 Pepete the Thaumaturge (level 11, 0/57 (74) HPs)
             Began as a Grey Draconian Fire Elementalist on July 14, 2023.
             Was a Believer of Vehumet.
             Slain by a hell rat (9 damage)
             ... on level 1 of the Lair of Beasts on July 15, 2023.
             The game lasted 00:33:10 (33489 turns).

Pepete the Thaumaturge (DrFE)                      Turns: 33489, Time: 00:33:10

HP:   0/57 (74)     AC: 13    Str: 11    XL:     11   Next: 53%
MP:   20/34         EV: 12    Int: 19    God:    Vehumet [**....]
Gold: 761           SH:  0    Dex: 12    Spells: 15/30 levels left

rFire   + . .        s - staff of earth
rCold   x . .        (no shield)
rNeg    . . .        (body armour unavailable)
rPois   .            (helmet restricted)
rElec   .            G - +0 cloak
rCorr   .            (no gloves)
SInv    .            (no boots)
Will    .....        (no amulet)
Stlth   ++           f - ring of magical power
HPRegen 0.29/turn    d - ring of fire
MPRegen 0.24/turn

%: no passive effects
@: heavily drained
A: AC +12, amphibious, unfitting armour, cold-blooded
a: Renounce Religion


You were on level 1 of the Lair of Beasts.
You worshipped Vehumet.
Vehumet was pleased with you.
You visited 3 branches of the dungeon, and saw 12 of its levels.
You also visited: Ossuary.

You collected 761 gold pieces.

Inventory:

Missiles
 u - a throwing net
 x - 147 stones
Armour
 g - a +0 buckler
 G - a +0 cloak (worn)
Magical Staves
 s - a staff of earth (weapon)
Jewellery
 d - a ring of fire (right hand)
 f - a ring of magical power (left hand)
 y - a ring of ice
Wands
 h - a wand of acid (3)
 o - a wand of iceblast (13)
 t - a wand of flame (43)
 E - a wand of paralysis (8)
 I - a wand of mindburst (4)
Scrolls
 e - a scroll of identify
 j - 3 scrolls of magic mapping
 m - 3 scrolls of poison
 n - a scroll of fear
 p - 2 scrolls of fog
 q - 3 scrolls of enchant armour
 r - a scroll of butterflies
 w - 2 scrolls of enchant weapon
 B - a scroll of teleportation
Potions
 a - 2 potions of magic
 b - 2 potions of haste
 c - 3 potions of curing
 i - a potion of might
 k - a potion of flight
 l - a potion of resistance
 C - 2 potions of heal wounds
 D - 2 potions of cancellation
 H - 2 potions of ambrosia


   Skills:
 - Level 1.7 Dodging
 - Level 1.7 Stealth
 * Level 10.3 Spellcasting
 - Level 7.8 Conjurations
 - Level 10.2 Fire Magic
 - Level 10.0 Earth Magic


You had 15 spell levels left.
You knew the following spells:

 Your Spells              Type           Power      Damage    Failure   Level
a - Foxfire               Conj/Fire      100%       2x1d9     1%          1
b - Scorch                Fire           100%       2d9       1%          2
c - Volatile Blastmotes   Fire/Tloc      86%        2d17      2%          3
d - Stone Arrow           Conj/Erth      100%       3d13      1%          3
e - Hailstorm             Conj/Ice       24%        3d7       4%          3
f - Summon Guardian Gole  Hex/Summ       9%         N/A       22%         3

Your spell library contained the following spells:

 Spells                   Type           Power      Damage    Failure   Level
 Ignite Poison            Fire/Tmut/Pois 34%        N/A       5%          3
 Sandblast                Erth           100%       2d20      1%          1
 Passwall                 Tmut/Erth      35%        N/A       1%          2
 Flame Wave               Conj/Fire      60%        2d14      1%          4
 Momentum Strike          Conj/Tloc      48%        3d9       2%          2
 Inner Flame              Hex/Fire       43%        N/A       2%          3
 Freeze                   Ice            36%        1d5       8%          1
 Slow                     Hex            36%        N/A       8%          1
 Confusing Touch          Hex            9%         N/A       22%         3
 Frozen Ramparts          Ice            18%        1d3       22%         3
 Portal Projectile        Hex/Tloc       18%        N/A       22%         3
 Tukima's Dance           Hex            9%         N/A       22%         3
 Vampiric Draining        Necr           9%         2d6       22%         3
 Vhi's Electric Charge    Tloc/Air       18%        N/A       22%         3
 Arcjolt                  Conj/Air       12%        1d22      36%         5
 Plasma Beam              Fire/Air       21%        2x1d36    80%         6
 Blade Hands              Tmut           4%         N/A       90%         5


Dungeon Overview and Level Annotations

Branches:
Dungeon (10/15)            Temple (1/1) D:6            Lair (1/5) D:8
    Orc (0/2) D:10        Ossuary (visited)

Altars:
Ashenzari
Cheibriados
Dithmenos
Elyvilon
Fedhas
Gozag
Hepliaklqana
Kikubaaqudgha
Makhleb
Nemelex Xobeh
Okawaru
Qazlal
Ru
Sif Muna
Trog
Uskayaw
Vehumet
Wu Jian
Xom
Yredelemnul
Zin
The Shining One

Shops:
D:7 :

Annotations:
D:5 2 transporters


Innate Abilities, Weirdness & Mutations

Your dull iron-grey scales are very hard. (AC +12)
You are amphibious.
You cannot fit into any form of body armour.
You are cold-blooded and may be slowed by cold attacks.


Message History

Casting: Scorch (safe; 1% risk of failure)
Confirm with . or Enter, or press ? or * to list all spells.
You feel a surge of power!
Flames lash the hell rat.
The hell rat is burned terribly!
You kill the hell rat!
Vehumet accepts your kill.
You feel your power returning. The hell rat bites you.
You feel drained. The hell rat bites you!
You feel drained.
Casting: Scorch (safe; 1% risk of failure)
Confirm with . or Enter, or press ? or * to list all spells.
You feel a surge of power!
Flames lash the hell rat.
The hell rat is burned terribly!
The hell rat is severely wounded.
The hell rat bites you!
The hell rat bites you but does no damage.
The hell rat bites you!
You feel drained. The hell rat misses you.
Casting: Scorch (safe; 1% risk of failure)
Confirm with . or Enter, or press ? or * to list all spells.
You feel a surge of power!
Flames lash the hell rat.
The hell rat is burned terribly!
You kill the hell rat!
Vehumet accepts your kill. The hell rat closely misses you.
Casting: Scorch (safe; 1% risk of failure)
Confirm with . or Enter, or press ? or * to list all spells.
You feel a surge of power!
Flames lash the hell rat but do no damage.
The hell rat bites you!
* * * LOW HITPOINT WARNING * * *
You feel drained.
* * * LOW HITPOINT WARNING * * *
The water moccasin closely misses you.
Casting: Scorch (safe; 1% risk of failure)
Confirm with . or Enter, or press ? or * to list all spells.
You feel a surge of power!
Flames lash the water moccasin.
The water moccasin is moderately wounded.
The water moccasin's fire resistance burns away.
The water moccasin bites you but does no damage.
The hell rat bites you!
You die...

...... ..(..
#...# #...#
#...# #...# #
#####...#.###.#
......S@†......
.......r.......
...............
##.###.########
# ##


You could see a water moccasin (combustible) and a hell rat (combustible).

Vanquished Creatures
  Erica (D:9)
  Nergalle (D:10)
  Maurice (D:8)
  Maggie (D:10)
  A kobold demonologist (D:10)
  A troll (D:10)
  Prince Ribbit (D:8)
  Sigmund (D:2)
  4 shadows (D:10)
  A wraith (Ossuary)
  5 wyverns
  5 yaks
  A basilisk (D:8)
  A steam dragon (D:8)
  Grum (D:8)
  7 black bears
  7 water moccasins
  2 sky beasts
  4 orc warriors
  4 ice beasts
  6 wolves
  4 ogres
  6 centaurs
  A phantom (D:6)
  2 kobold brigands
  6 bullfrogs
  2 gnoll sergeants (D:8)
  2 scorpions
  5 wights
  14 killer bees
  2 hounds (D:6)
  9 orc priests
  3 jellies
  A gnoll bouda (D:3)
  2 sleepcaps (D:7)
  2 iguanas
  10 orc wizards
  5 hell rats
  6 ogre zombies (D:10)
  A mummy (Ossuary)
  18 gnolls
  5 adders
  2 shadow imps
  A white imp (D:6)
  A worm (D:3)
  4 dart slugs
  23 orcs
  5 endoplasms
  A giant cockroach (D:3)
  11 goblins
  3 hobgoblins
  6 jackals
  3 quokkas
  8 ball pythons
  4 bats
  A frilled lizard (D:3)
  7 gnoll skeletons (Ossuary)
  2 goblin skeletons (D:10)
  3 goblin zombies (D:10)
  A hobgoblin skeleton (D:10)
  A hobgoblin zombie (D:10)
  13 kobolds
  3 kobold skeletons (Ossuary)
  18 orc skeletons
  9 orc zombies (D:10)
  3 rats
295 creatures vanquished.

Vanquished Creatures (collateral kills)
  15 foxfires
15 creatures vanquished.

Vanquished Creatures (others)
  1107 foxfires
1107 creatures vanquished.

Grand Total: 1417 creatures vanquished

Notes
Turn   | Place    | Note
-------+----------+-------------------------------------------
     0 | D:1      | Pepete the Draconian Fire Elementalist began the quest for
                  | the Orb.
     0 | D:1      | Reached XP level 1. HP: 14/14 MP: 3/3
  1368 | D:1      | Reached XP level 2. HP: 20/20 MP: 5/5
  1639 | D:1      | Found a faded altar of an unknown god.
  1996 | D:2      | Noticed Sigmund
  2004 | D:2      | Killed Sigmund
  2005 | D:2      | Reached skill level 5 in Spellcasting
  2005 | D:2      | Reached XP level 3. HP: 26/26 MP: 9/9
  2005 | D:2      | Reached XP level 4. HP: 33/33 MP: 11/11
  2005 | D:2      | Reached XP level 5. HP: 38/38 MP: 12/12
  2562 | D:2      | Learned a level 2 spell: Scorch
  3564 | D:3      | Learned a level 3 spell: Volatile Blastmotes
  4019 | D:3      | Reached XP level 6. HP: 7/45 MP: 1/14
  6483 | D:4      | Found a sand-covered staircase.
  6490 | Ossuary  | Entered an ossuary
  6490 | Ossuary  | Noticed a wraith
  6490 | Ossuary  | Noticed a wraith
  6490 | Ossuary  | Noticed a wraith
  7091 | Ossuary  | Noticed a wraith
  7119 | Ossuary  | Killed a wraith
  7120 | Ossuary  | Your scales start taking on a dull iron-grey colour.
  7120 | Ossuary  | Reached XP level 7. HP: 27/50 MP: 12/17
  8944 | D:4      | Found a snail-covered altar of Cheibriados.
  9242 | D:4      | Found an opulent altar of Gozag.
  9566 | D:5      | Entered Level 5 of the Dungeon
  9656 | D:5      | Reached skill level 5 in Conjurations
  9656 | D:5      | Reached XP level 8. HP: 53/57 MP: 9/18
 10210 | D:5      | Found a transporter.
 10218 | D:5      | Found a transporter.
 10909 | D:5      | Found a sparkling altar of Nemelex Xobeh.
 11740 | D:6      | Found a staircase to the Ecumenical Temple.
 11895 | Temple   | Entered the Ecumenical Temple
 12176 | Temple   | Became a worshipper of Vehumet
 12240 | D:6      | Reached skill level 1 in Earth Magic
 12804 | D:6      | Learned a level 3 spell: Stone Arrow
 13640 | D:6      | Reached XP level 9. HP: 62/62 MP: 19/19
 13646 | D:6      | Reached skill level 5 in Earth Magic
 14507 | D:7      | Found a white marble altar of Elyvilon.
 14914 | D:7      | Reached * piety under Vehumet
 14914 | D:7      | Offered knowledge of Magic Dart by Vehumet.
 14959 | D:7      | Found Ceapn's Vocational Training.
 15445 | D:7      | Reached skill level 10 in Earth Magic
 15874 | D:8      | Noticed Maurice
 16171 | D:7      | Reached skill level 5 in Fire Magic
 16510 | D:7      | Reached XP level 10. HP: 37/69 MP: 17/20
 21584 | D:8      | Learned a level 3 spell: Hailstorm
 21926 | D:8      | Noticed Prince Ribbit
 21933 | D:8      | Killed Prince Ribbit
 22369 | D:8      | Found a staircase to the Lair.
 22411 | D:8      | Noticed Grum
 22418 | D:8      | Killed Grum
 23220 | D:8      | Reached skill level 10 in Fire Magic
 23435 | D:8      | Paralysed by Maurice for 2 turns
 23475 | D:8      | Killed Maurice
 24215 | D:9      | Noticed Erica
 24246 | D:9      | Killed Erica
 24247 | D:9      | Reached XP level 11. HP: 34/74 MP: 19/22
 25707 | D:9      | Found an iron altar of Okawaru.
 25735 | D:9      | Found a shimmering blue altar of Sif Muna.
 25781 | D:9      | Got the Thoughts on Vexatious Blasting
 25786 | D:9      | Learned a level 3 spell: Summon Guardian Golem
 26773 | D:9      | Reached ** piety under Vehumet
 27621 | D:10     | Entered Level 10 of the Dungeon
 27633 | D:10     | Offered knowledge of Static Discharge by Vehumet.
 28088 | D:10     | Noticed Maggie
 28101 | D:10     | Killed Maggie
 28945 | D:10     | Found a staircase to the Orcish Mines.
 29185 | D:10     | Offered knowledge of Ignite Poison by Vehumet.
 29660 | D:10     | Found an ornate altar of the Wu Jian Council.
 29730 | D:10     | Noticed Nergalle
 32593 | D:10     | Killed Nergalle
 32594 | D:10     | Reached skill level 10 in Spellcasting
 33314 | Lair:1   | Entered Level 1 of the Lair of Beasts
 33489 | Lair:1   | Slain by a hell rat

Illustrated notes

Levels and vault maps discovered:
D:1:      spicycebolla_arrival_xxxplode, layout_loops_ring,
          hellmonk_ecumenical_altar_lost_god
D:2:      layout_loops_ring, serial_bayou, serial_bayou_pond_d,
          serial_bayou_pond_c, serial_bayou_ford_a, serial_bayou_pond_c,
          uniq_sigmund
D:3:      layout_basic, chequers_serial_rivers_room_a
D:4:      layout_rooms, mainiacjoe_overflow_catwalk,
          mainiacjoe_overflow_24_doors, chequers_ossuary_entry_cave
D:5:      gammafunk_steamed_eel, layout_basic, nemelex_altar_shiori
D:6:      layout_basic, minmay_temple_entry_grid, serial_curves, eino_curves_03,
          eino_curves_04, eino_curves_04, serial_bayou_pond_a
D:7:      layout_basic, nicolae_elyvilon_temple_path, nicolae_shop_vocational
D:8:      layout_rooms, minmay_lair_entry_grove, minmay_between,
          uniq_prince_ribbit1, uniq_maurice, uniq_grum
D:9:      layout_loops_ring, lemuel_tele_altar,
          mainiacjoe_overflow_tiny_flanked, uniq_erica
D:10:     layout_loops_ring, mainiacjoe_overflow_boulevard, zombieorc1_lemuel,
          dreamdust_wishing_well, uniq_nergalle, uniq_maggie
Temple:   regret_index_temple_generic_petals
Lair:1:   layout_small_grid

Skill      XL: |  1  2  3  4  5  6  7  8  9 10 11 |
---------------+----------------------------------+-----
Spellcasting   | 5 7 10 | 10.3
Conjurations   | 5 7 |  7.8
Earth Magic    | 4 10 | 10.0
Fire Magic     | 5 10 | 10.2
Dodging        | |  1.7
Stealth        | |  1.7

Action                     |  1- 3 |  4- 6 |  7- 9 | 10-12 || total
---------------------------+-------+-------+-------+-------++-------
  Melee: Unarmed           |       |       |     6 |       ||     6
         Staff             |       |       |       |     1 ||     1
         Punch             |       |       |       |     1 ||     1
   Cast: Foxfire           |    57 |   124 |   226 |   307 ||   714
         Scorch            |       |    38 |   137 |   146 ||   321
         Stone Arrow       |       |       |    15 |    20 ||    35
         Volatile Blastmot |       |       |     2 |     7 ||     9
         Summon Guardian G |       |       |       |     5 ||     5
    Use: Scroll            |       |    10 |    10 |    10 ||    30
         Potion            |       |       |    13 |     1 ||    14
 Armour: Skin              |     3 |     6 |    81 |    59 ||   149
  Dodge: Dodged            |    11 |    17 |    89 |    77 ||   194
